[ AOE2 MATCH · #482044407 ]
UnrankedTupi vs Maya
[ REPLAY ANALYSIS · EXTRACTED FROM THE RECORDED GAME ]
Feudal
—
Castle
—
Imperial
—
| APM avg | 35.8 |
| APM peak | 84 |
| eAPM avg | 22.4 |
| Villagers / military | 400 / 472 |
Focus
⚔️ 44.1% · 🌾 55.9%
Petard ×305 · Unknown (2550) ×208 · Skirmisher ×138 · Fishing Ship ×31 · Unknown (2582) ×19 · Unknown (2579) ×10
Feudal
14:14
Castle
18:32
Imperial
57:20
| APM avg | 55.7 |
| APM peak | 150 |
| eAPM avg | 30.4 |
| Villagers / military | 329 / 893 |
Focus
⚔️ 36.3% · 🌾 63.7%
Eagle Scout ×328 · Skirmisher ×235 · Plumed Archer ×194 · Spearman ×85 · Battering Ram ×37 · Fishing Ship ×24
Feudal
13:41
Castle
22:27
Imperial
38:10
| APM avg | 38.8 |
| APM peak | 91 |
| eAPM avg | 21.4 |
| Villagers / military | 263 / 982 |
Focus
⚔️ 33.1% · 🌾 66.9%
Skirmisher ×427 · Samurai ×231 · Militia ×185 · Cavalry Archer ×75 · Battering Ram ×27 · Galley ×18
Feudal
16:10
Castle
19:45
Imperial
31:16
| APM avg | 20.8 |
| APM peak | 45 |
| eAPM avg | 15.7 |
| Villagers / military | 385 / 1084 |
Focus
⚔️ 38.0% · 🌾 62.0%
Skirmisher ×719 · Elephant Archer ×101 · Urumi Swordsman ×98 · Spearman ×86 · Hand Cannoneer ×37 · Trebuchet (Packed) ×25
Match map
Initial resources + every placement click. Lines = walls · curves = elevation contours. ◆ gold · ⬟ stone · ● berries · ✦ relic · ◌ wall gap
Your base· Open — unwalled flank
歪歪's base· Open — unwalled flank
Piojoso87's base· Open — 11t gap
wisemethuselah's base· Open — 14t gap
Smoothed initial terrain · ◌ = detected wall gap · hover for details
Inputs per minute
— Omnipotent H - - 歪歪
Build order — Omnipotent H
First 150 of 1222 actions detected
| 0:25 | Build | Town Center |
| 0:52 | Build | Dock |
| 2:44 | Queue | Villager (Male) |
| 2:44 | Queue | Villager (Male) |
| 2:44 | Queue | Villager (Male) |
| 2:44 | Queue | Villager (Male) |
| 2:45 | Queue | Villager (Male) |
| 2:46 | Queue | Fishing Ship |
| 2:46 | Queue | Fishing Ship |
| 2:54 | Build | Palisade Wall |
| 2:55 | Build | Palisade Wall |
| 3:55 | Build | House |
| 4:19 | Build | Palisade Wall |
| 4:27 | Queue | Villager (Male) |
| 5:01 | Queue | Villager (Male) |
| 5:17 | Queue | Fishing Ship |
| 5:17 | Queue | Fishing Ship |
| 5:18 | Queue | Villager (Male) |
| 5:19 | Queue | Villager (Male) |
| 5:48 | Build | House |
| 6:13 | Queue | Villager (Male) |
| 6:20 | Queue | Fishing Ship |
| 6:21 | Queue | Villager (Male) |
| 6:22 | Queue | Villager (Male) |
| 6:45 | Build | House |
| 7:01 | Queue | Villager (Male) |
| 7:11 | Build | House |
| 7:15 | Queue | Fishing Ship |
| 7:25 | Build | House |
| 7:39 | Build | House |
| 7:46 | Queue | Fishing Ship |
| 7:47 | Queue | Villager (Male) |
| 7:55 | Build | House |
| 8:17 | Queue | Fishing Ship |
| 8:23 | Queue | Villager (Male) |
| 8:52 | Queue | Villager (Male) |
| 9:08 | Build | House |
| 9:16 | Queue | Villager (Male) |
| 9:18 | Queue | Fishing Ship |
| 9:37 | Queue | Villager (Male) |
| 9:38 | Queue | Fishing Ship |
| 9:44 | Build | Dock |
| 10:13 | Queue | Villager (Male) |
| 10:16 | Queue | Villager (Male) |
| 10:17 | Queue | Villager (Male) |
| 10:19 | Queue | Fishing Ship |
| 10:19 | Queue | Fishing Ship |
| 10:36 | Build | Settlement |
| 10:42 | Queue | Fishing Ship |
| 10:44 | Queue | Villager (Male) |
| 10:47 | Queue | Villager (Male) |
| 11:02 | Queue | Fishing Ship |
| 11:02 | Queue | Villager (Male) |
| 11:23 | Research | Loom |
| 11:30 | Research | Feudal Age |
| 11:42 | Queue | Fishing Ship |
| 11:43 | Queue | Fishing Ship |
| 12:02 | Queue | Fishing Ship |
| 12:03 | Queue | Fishing Ship |
| 12:04 | Queue | Villager (Male) |
| 13:02 | Build | House |
| 13:08 | Build | Settlement |
| 13:31 | Queue | Villager (Male) |
| 13:35 | Queue | Fishing Ship |
| 13:35 | Queue | Fishing Ship |
| 14:17 | Build | Market |
| 14:20 | Build | Blacksmith |
| 14:25 | Build | Watch Tower |
| 14:41 | Queue | Unit 2626 |
| 14:41 | Queue | Unit 2626 |
| 14:52 | Queue | Unit 2626 |
| 15:04 | Research | Castle Age |
| 15:29 | Research | Fletching |
| 15:40 | Queue | Fire Galley |
| 16:12 | Queue | Villager (Male) |
| 16:21 | Build | Settlement |
| 16:27 | Queue | Fire Galley |
| 16:56 | Queue | Fire Galley |
| 16:57 | Queue | Villager (Male) |
| 17:13 | Research | Town Watch |
| 17:48 | Research | War Galley (upgrade) |
| 17:55 | Queue | Villager (Male) |
| 18:56 | Build | Castle |
| 19:15 | Queue | Villager (Male) |
| 19:36 | Queue | Villager (Male) |
| 19:59 | Queue | Unit 2579 |
| 20:04 | Build | Settlement |
| 20:06 | Queue | Unit 2579 |
| 20:08 | Queue | Villager (Male) |
| 20:13 | Queue | Villager (Male) |
| 20:20 | Queue | Villager (Male) |
| 20:45 | Queue | Fishing Ship |
| 20:48 | Queue | Unit 2579 |
| 21:25 | Build | Settlement |
| 21:26 | Queue | Unit 2579 |
| 21:48 | Queue | Villager (Male) |
| 22:03 | Queue | Unit 2579 |
| 22:05 | Queue | Villager (Male) |
| 22:10 | Build | Siege Workshop |
| 22:33 | Queue | Villager (Male) |
| 22:54 | Queue | Villager (Male) |
| 23:17 | Queue | Villager (Male) |
| 23:22 | Queue | Villager (Male) |
| 23:28 | Research | Bodkin Arrow |
| 23:28 | Research | Bodkin Arrow |
| 23:38 | Queue | Villager (Male) |
| 23:52 | Queue | Villager (Male) |
| 24:01 | Queue | Villager (Male) |
| 24:28 | Queue | Mangonel |
| 24:29 | Queue | Villager (Male) |
| 24:31 | Build | House |
| 24:37 | Queue | Villager (Male) |
| 24:46 | Queue | Villager (Male) |
| 25:40 | Build | Town Center |
| 25:41 | Queue | Villager (Male) |
| 26:45 | Queue | Scorpion |
| 27:20 | Queue | Villager (Male) |
| 27:24 | Queue | Villager (Male) |
| 27:35 | Queue | Villager (Male) |
| 27:45 | Queue | Mangonel |
| 27:47 | Queue | Villager (Male) |
| 27:57 | Queue | Villager (Male) |
| 28:16 | Queue | Villager (Male) |
| 28:23 | Queue | Villager (Male) |
| 28:28 | Build | Fish Trap |
| 28:30 | Build | Fish Trap |
| 28:49 | Queue | Villager (Male) |
| 28:55 | Build | Fish Trap |
| 29:08 | Build | Fish Trap |
| 29:09 | Queue | Villager (Male) |
| 29:43 | Build | Dock |
| 29:44 | Queue | Villager (Male) |
| 29:58 | Research | Double-Bit Axe |
| 29:59 | Queue | Villager (Male) |
| 30:05 | Queue | Villager (Male) |
| 30:36 | Build | Castle |
| 30:38 | Build | Settlement |
| 30:50 | Queue | Villager (Male) |
| 31:17 | Queue | Villager (Male) |
| 31:26 | Queue | Fishing Ship |
| 31:27 | Queue | Fishing Ship |
| 31:36 | Queue | Villager (Male) |
| 31:50 | Build | Town Center |
| 32:23 | Queue | Villager (Male) |
| 32:31 | Queue | Villager (Male) |
| 32:53 | Queue | Unit 2579 |
| 32:54 | Queue | Unit 2579 |
| 32:55 | Queue | Villager (Male) |
| 33:04 | Build | Farm |
| 33:04 | Build | Farm |
Build order — 歪歪
First 150 of 1231 actions detected
| 0:13 | Build | Town Center |
| 0:49 | Build | House |
| 1:43 | Build | Dock |
| 2:31 | Queue | Villager (Male) |
| 2:32 | Queue | Villager (Male) |
| 2:32 | Queue | Villager (Male) |
| 3:31 | Queue | Fishing Ship |
| 3:51 | Research | Loom |
| 4:07 | Queue | Villager (Male) |
| 4:07 | Queue | Villager (Male) |
| 4:19 | Build | House |
| 4:46 | Queue | Villager (Male) |
| 4:47 | Queue | Villager (Male) |
| 5:10 | Queue | Villager (Male) |
| 5:31 | Queue | Villager (Male) |
| 5:33 | Queue | Fishing Ship |
| 5:33 | Queue | Fishing Ship |
| 5:54 | Build | House |
| 5:57 | Queue | Villager (Male) |
| 6:19 | Queue | Fishing Ship |
| 6:19 | Queue | Fishing Ship |
| 6:27 | Queue | Villager (Male) |
| 6:27 | Queue | Villager (Male) |
| 6:47 | Build | House |
| 6:53 | Queue | Fishing Ship |
| 7:00 | Queue | Villager (Male) |
| 7:00 | Queue | Villager (Male) |
| 7:17 | Queue | Fishing Ship |
| 7:17 | Queue | Fishing Ship |
| 7:26 | Build | House |
| 7:28 | Queue | Villager (Male) |
| 7:29 | Queue | Villager (Male) |
| 7:29 | Queue | Villager (Male) |
| 7:40 | Queue | Villager (Male) |
| 7:57 | Queue | Fishing Ship |
| 7:57 | Queue | Fishing Ship |
| 8:05 | Queue | Villager (Male) |
| 8:05 | Queue | Villager (Male) |
| 8:19 | Queue | Fishing Ship |
| 8:22 | Queue | Villager (Male) |
| 8:22 | Queue | Villager (Male) |
| 8:22 | Queue | Villager (Male) |
| 8:41 | Build | House |
| 8:52 | Queue | Villager (Male) |
| 9:06 | Queue | Villager (Male) |
| 9:06 | Queue | Villager (Male) |
| 9:10 | Queue | Fishing Ship |
| 9:32 | Queue | Villager (Male) |
| 9:47 | Build | Dock |
| 9:49 | Queue | Villager (Male) |
| 9:59 | Queue | Villager (Male) |
| 9:59 | Queue | Villager (Male) |
| 10:02 | Build | House |
| 10:18 | Queue | Fishing Ship |
| 10:24 | Queue | Villager (Male) |
| 10:28 | Queue | Fishing Ship |
| 10:38 | Build | House |
| 10:44 | Queue | Fishing Ship |
| 10:48 | Queue | Villager (Male) |
| 10:53 | Build | Lumber Camp |
| 11:11 | Queue | Fishing Ship |
| 11:15 | Queue | Fishing Ship |
| 11:33 | Queue | Villager (Male) |
| 11:48 | Build | Mining Camp |
| 12:00 | Research | Feudal Age |
| 12:00 | Research | Feudal Age |
| 12:17 | Queue | Fishing Ship |
| 12:24 | Build | Dock |
| 13:22 | Build | Mining Camp |
| 14:01 | Build | Mill |
| 14:14 | Age | Feudal Age |
| 14:19 | Build | Blacksmith |
| 14:21 | Queue | Villager (Male) |
| 14:25 | Queue | Villager (Male) |
| 14:32 | Queue | Unit 2626 |
| 14:33 | Queue | Unit 2626 |
| 14:35 | Queue | Unit 2626 |
| 14:41 | Build | House |
| 14:52 | Research | Town Watch |
| 15:06 | Build | Market |
| 15:10 | Queue | Villager (Male) |
| 15:15 | Build | Watch Tower |
| 15:49 | Research | Castle Age |
| 15:49 | Research | Castle Age |
| 16:08 | Research | Fletching |
| 16:12 | Build | House |
| 16:13 | Build | House |
| 16:14 | Build | House |
| 16:20 | Queue | Villager (Male) |
| 16:33 | Research | Double-Bit Axe |
| 16:33 | Research | Double-Bit Axe |
| 16:34 | Research | Gold Mining |
| 16:34 | Research | Gold Mining |
| 16:35 | Research | Gold Mining |
| 17:07 | Build | House |
| 17:42 | Research | Tech 906 |
| 17:43 | Research | Tech 906 |
| 18:32 | Age | Castle Age |
| 18:48 | Build | Castle |
| 18:59 | Research | Bodkin Arrow |
| 18:59 | Research | Bodkin Arrow |
| 19:24 | Queue | Villager (Male) |
| 20:03 | Queue | Villager (Male) |
| 20:19 | Build | Siege Workshop |
| 20:32 | Queue | Villager (Male) |
| 20:48 | Build | Mining Camp |
| 20:56 | Queue | Battering Ram |
| 21:09 | Queue | Villager (Male) |
| 21:36 | Queue | Battering Ram |
| 21:57 | Queue | Battering Ram |
| 22:14 | Queue | Villager (Male) |
| 22:58 | Queue | Battering Ram |
| 23:08 | Queue | Villager (Male) |
| 23:30 | Queue | Villager (Male) |
| 23:50 | Queue | Villager (Male) |
| 24:03 | Queue | Villager (Male) |
| 24:18 | Build | House |
| 24:26 | Queue | Villager (Male) |
| 24:28 | Queue | Plumed Archer |
| 24:33 | Queue | Plumed Archer |
| 24:35 | Research | Padded Archer Armor |
| 24:35 | Research | Padded Archer Armor |
| 24:49 | Queue | Villager (Male) |
| 25:02 | Queue | Villager (Male) |
| 25:03 | Queue | Plumed Archer |
| 25:07 | Queue | Plumed Archer |
| 25:22 | Queue | Plumed Archer |
| 25:35 | Queue | Plumed Archer |
| 25:53 | Queue | Plumed Archer |
| 26:23 | Queue | Plumed Archer |
| 26:40 | Build | Town Center |
| 26:43 | Queue | Plumed Archer |
| 27:01 | Queue | Plumed Archer |
| 27:42 | Queue | Villager (Male) |
| 27:50 | Queue | Villager (Male) |
| 27:56 | Queue | Plumed Archer |
| 28:18 | Queue | Villager (Male) |
| 28:18 | Queue | Villager (Male) |
| 28:19 | Queue | Villager (Male) |
| 28:33 | Queue | Villager (Male) |
| 28:37 | Queue | Villager (Male) |
| 28:39 | Queue | Villager (Male) |
| 28:39 | Queue | Villager (Male) |
| 29:02 | Queue | Plumed Archer |
| 29:03 | Queue | Villager (Male) |
| 29:03 | Queue | Villager (Male) |
| 29:15 | Queue | Plumed Archer |
| 29:34 | Build | Town Center |
| 29:41 | Queue | Plumed Archer |
| 29:42 | Queue | Villager (Male) |
Build order — Piojoso87
First 150 of 1044 actions detected
| 0:57 | Build | Town Center |
| 2:16 | Build | House |
| 3:02 | Queue | Villager (Male) ×4 |
| 3:02 | Queue | Villager (Male) ×4 |
| 3:02 | Queue | Villager (Male) ×4 |
| 3:17 | Build | Dock |
| 4:00 | Queue | Fishing Ship |
| 4:26 | Research | Loom |
| 4:54 | Queue | Fishing Ship |
| 5:17 | Build | House |
| 5:32 | Queue | Villager (Male) |
| 5:32 | Queue | Villager (Male) |
| 5:32 | Queue | Villager (Male) |
| 5:32 | Queue | Villager (Male) |
| 5:48 | Queue | Villager (Male) |
| 5:48 | Queue | Villager (Male) |
| 6:13 | Queue | Villager (Male) |
| 6:13 | Queue | Villager (Male) |
| 6:13 | Queue | Villager (Male) |
| 6:24 | Queue | Villager (Male) |
| 6:24 | Queue | Villager (Male) |
| 6:24 | Queue | Villager (Male) |
| 6:55 | Queue | Villager (Male) |
| 6:55 | Queue | Villager (Male) |
| 6:55 | Queue | Villager (Male) |
| 6:55 | Queue | Villager (Male) |
| 7:02 | Queue | Fishing Ship |
| 7:13 | Queue | Villager (Male) |
| 7:13 | Queue | Villager (Male) |
| 7:14 | Queue | Villager (Male) |
| 7:28 | Build | House |
| 8:05 | Queue | Villager (Male) |
| 8:05 | Queue | Villager (Male) |
| 8:05 | Queue | Villager (Male) |
| 8:08 | Queue | Fishing Ship |
| 8:28 | Queue | Villager (Male) |
| 8:28 | Queue | Villager (Male) |
| 8:28 | Queue | Villager (Male) |
| 8:37 | Queue | Fishing Ship |
| 8:50 | Build | House |
| 9:17 | Build | Mill |
| 9:35 | Queue | Villager (Male) |
| 9:46 | Queue | Villager (Male) |
| 9:48 | Queue | Fishing Ship |
| 9:53 | Build | House |
| 10:19 | Build | Mill |
| 10:33 | Queue | Fishing Ship |
| 10:37 | Build | House |
| 11:00 | Queue | Fishing Ship |
| 11:31 | Research | Feudal Age |
| 11:32 | Research | Feudal Age |
| 11:49 | Queue | Fishing Ship |
| 11:57 | Build | Palisade Wall |
| 11:58 | Build | Palisade Wall |
| 12:14 | Build | Palisade Wall |
| 12:25 | Build | Palisade Wall |
| 12:33 | Build | Dock |
| 12:42 | Build | Palisade Wall |
| 13:13 | Build | Palisade Wall |
| 13:18 | Build | Palisade Wall |
| 13:19 | Build | Palisade Wall |
| 13:38 | Queue | Villager (Male) |
| 13:38 | Queue | Villager (Male) |
| 13:41 | Age | Feudal Age |
| 13:48 | Queue | Galley |
| 13:48 | Queue | Galley |
| 13:54 | Queue | Villager (Male) |
| 14:09 | Build | Blacksmith |
| 14:17 | Queue | Villager (Male) |
| 14:32 | Build | House |
| 14:42 | Queue | Villager (Male) |
| 14:47 | Queue | Galley |
| 14:47 | Queue | Galley |
| 15:09 | Queue | Galley |
| 15:14 | Queue | Villager (Male) |
| 15:29 | Research | Fletching |
| 15:54 | Queue | Galley |
| 15:57 | Queue | Villager (Male) |
| 15:58 | Queue | Villager (Male) |
| 16:02 | Build | House |
| 16:03 | Queue | Villager (Male) |
| 16:09 | Queue | Galley |
| 16:29 | Build | House |
| 16:31 | Queue | Villager (Male) |
| 16:33 | Build | Lumber Camp |
| 16:46 | Queue | Galley |
| 16:48 | Queue | Villager (Male) |
| 17:01 | Research | Double-Bit Axe |
| 17:22 | Queue | Galley |
| 17:38 | Queue | Villager (Male) |
| 17:51 | Queue | Galley |
| 17:52 | Queue | Villager (Male) |
| 18:10 | Build | Market |
| 18:11 | Queue | Villager (Male) |
| 18:47 | Queue | Demolition Raft |
| 19:43 | Queue | Galley |
| 19:43 | Queue | Galley |
| 19:45 | Research | Castle Age |
| 19:52 | Build | House |
| 19:57 | Build | Mining Camp |
| 20:58 | Queue | Galley |
| 21:01 | Research | Gold Mining |
| 21:06 | Build | Mining Camp |
| 21:09 | Research | Stone Mining |
| 21:26 | Queue | Galley |
| 21:49 | Build | House |
| 21:56 | Build | House |
| 21:57 | Build | House |
| 21:57 | Build | House |
| 22:27 | Age | Castle Age |
| 22:31 | Research | War Galley (upgrade) |
| 22:38 | Research | Bodkin Arrow |
| 22:40 | Queue | Villager (Male) |
| 22:55 | Build | Town Center |
| 23:00 | Queue | Villager (Male) |
| 23:10 | Research | Horse Collar |
| 23:11 | Queue | Villager (Male) |
| 23:45 | Queue | Villager (Male) |
| 24:00 | Queue | Galley |
| 24:00 | Queue | Galley |
| 24:05 | Research | Bow Saw |
| 24:08 | Queue | Villager (Male) |
| 24:08 | Queue | Villager (Male) |
| 24:22 | Queue | Galley |
| 24:22 | Queue | Galley |
| 24:26 | Queue | Villager (Male) |
| 24:26 | Queue | Villager (Male) |
| 24:36 | Build | Farm |
| 24:41 | Build | Farm |
| 25:11 | Queue | Villager (Male) |
| 25:13 | Build | Farm |
| 25:15 | Build | Farm |
| 25:16 | Queue | Villager (Male) |
| 25:18 | Queue | Villager (Male) |
| 25:42 | Queue | Villager (Male) |
| 25:43 | Queue | Villager (Male) |
| 25:54 | Build | Farm |
| 25:56 | Build | Farm |
| 25:59 | Build | Farm |
| 26:12 | Research | Wheelbarrow |
| 26:12 | Queue | Villager (Male) |
| 26:13 | Queue | Villager (Male) |
| 26:47 | Build | Town Center |
| 26:51 | Queue | Villager (Male) |
| 27:55 | Queue | Villager (Male) |
| 27:56 | Queue | Villager (Male) |
| 27:58 | Queue | Villager (Male) |
| 28:02 | Queue | Villager (Male) |
| 28:02 | Queue | Villager (Male) |
| 28:04 | Build | Farm |
Build order — wisemethuselah
First 150 of 1028 actions detected
| 1:06 | Build | Town Center |
| 1:32 | Build | Dock |
| 3:30 | Queue | Villager (Male) |
| 3:30 | Queue | Villager (Male) |
| 3:30 | Queue | Villager (Male) |
| 3:30 | Queue | Villager (Male) |
| 3:33 | Research | Loom |
| 4:02 | Queue | Fishing Ship |
| 4:26 | Queue | Villager (Male) |
| 4:53 | Build | House |
| 5:13 | Queue | Fishing Ship |
| 6:00 | Queue | Villager (Male) |
| 6:09 | Build | House |
| 6:12 | Build | Palisade Wall |
| 6:26 | Queue | Fishing Ship |
| 6:31 | Queue | Villager (Male) |
| 6:56 | Queue | Fishing Ship |
| 7:03 | Queue | Villager (Male) |
| 7:06 | Build | House |
| 7:10 | Build | Palisade Wall |
| 7:42 | Queue | Villager (Male) |
| 8:07 | Queue | Fishing Ship |
| 8:07 | Queue | Villager (Male) |
| 8:20 | Queue | Fishing Ship |
| 8:34 | Queue | Villager (Male) |
| 8:45 | Build | Palisade Wall |
| 9:00 | Queue | Villager (Male) |
| 9:20 | Queue | Villager (Male) |
| 9:30 | Build | Dock |
| 9:33 | Queue | Villager (Male) |
| 10:29 | Build | House |
| 10:30 | Queue | Villager (Male) |
| 10:31 | Queue | Fishing Ship |
| 10:53 | Build | Outpost |
| 10:57 | Queue | Villager (Male) |
| 10:59 | Queue | Villager (Male) |
| 11:17 | Build | Mill |
| 11:24 | Queue | Villager (Male) |
| 11:47 | Queue | Fishing Ship |
| 12:01 | Queue | Villager (Male) |
| 12:31 | Build | Mining Camp |
| 12:35 | Queue | Villager (Male) |
| 12:36 | Queue | Fishing Ship |
| 13:01 | Build | House |
| 13:10 | Queue | Villager (Male) |
| 13:10 | Queue | Villager (Male) |
| 13:11 | Queue | Fishing Ship |
| 13:15 | Build | House |
| 13:17 | Build | House |
| 13:34 | Research | Feudal Age |
| 13:51 | Build | Lumber Camp |
| 14:40 | Queue | Villager (Male) |
| 14:47 | Queue | Fishing Ship |
| 14:47 | Queue | Fishing Ship |
| 14:47 | Queue | Fishing Ship |
| 16:10 | Age | Feudal Age |
| 16:18 | Research | Town Watch |
| 16:21 | Build | Market |
| 16:28 | Build | Blacksmith |
| 17:05 | Research | Castle Age |
| 17:09 | Research | Double-Bit Axe |
| 17:14 | Research | Tech 906 |
| 17:16 | Queue | Fire Galley |
| 17:24 | Research | Gold Mining |
| 17:35 | Queue | Galley |
| 17:55 | Queue | Galley |
| 18:08 | Build | House |
| 18:10 | Research | Fletching |
| 18:20 | Build | Mining Camp |
| 18:26 | Research | Stone Mining |
| 18:30 | Queue | Fire Galley |
| 18:33 | Queue | Galley |
| 19:15 | Queue | Fire Galley |
| 19:16 | Queue | Galley |
| 19:25 | Build | House |
| 19:31 | Build | Outpost |
| 19:45 | Age | Castle Age |
| 20:00 | Research | War Galley (upgrade) |
| 20:02 | Queue | Villager (Male) |
| 20:02 | Queue | Villager (Male) |
| 20:06 | Research | Bow Saw |
| 20:22 | Queue | Galley |
| 20:24 | Queue | Fire Galley |
| 20:27 | Queue | Villager (Male) |
| 20:27 | Queue | Villager (Male) |
| 21:00 | Build | Outpost |
| 21:32 | Research | Bodkin Arrow |
| 21:33 | Queue | Villager (Male) |
| 21:37 | Queue | Galley |
| 21:37 | Queue | Galley |
| 21:45 | Build | House |
| 21:49 | Build | Outpost |
| 22:20 | Build | Town Center |
| 22:21 | Queue | Villager (Male) |
| 22:22 | Queue | Villager (Male) |
| 22:24 | Queue | Galley |
| 22:24 | Queue | Fire Galley |
| 22:49 | Build | Barracks |
| 22:50 | Queue | Villager (Male) |
| 22:51 | Queue | Villager (Male) |
| 23:15 | Research | Wheelbarrow |
| 23:22 | Build | House |
| 23:26 | Build | Outpost |
| 23:45 | Build | House |
| 23:51 | Build | Archery Range |
| 23:53 | Queue | Villager (Male) |
| 23:53 | Queue | Villager (Male) |
| 24:30 | Build | Siege Workshop |
| 24:32 | Queue | Villager (Male) |
| 24:55 | Queue | Villager (Male) |
| 25:02 | Queue | Mangonel |
| 25:31 | Queue | Fire Galley |
| 25:31 | Queue | Fire Galley |
| 26:16 | Queue | Fire Galley |
| 26:16 | Queue | Fire Galley |
| 26:20 | Queue | Villager (Male) |
| 26:21 | Queue | Villager (Male) |
| 26:23 | Queue | Villager (Male) |
| 26:23 | Queue | Villager (Male) |
| 26:32 | Build | Castle |
| 26:37 | Build | Lumber Camp |
| 27:13 | Queue | Villager (Male) |
| 27:13 | Queue | Villager (Male) |
| 28:06 | Research | Imperial Age |
| 28:18 | Research | Horse Collar |
| 28:27 | Build | Farm |
| 28:27 | Build | Farm |
| 28:27 | Build | Farm |
| 28:28 | Build | Farm |
| 28:28 | Build | Farm |
| 28:28 | Build | Farm |
| 28:29 | Build | Farm |
| 28:29 | Build | Farm |
| 28:29 | Build | Farm |
| 28:42 | Build | Archery Range |
| 28:45 | Research | Padded Archer Armor |
| 28:49 | Queue | Elephant Archer |
| 28:49 | Queue | Elephant Archer |
| 29:17 | Build | University |
| 29:41 | Queue | Elephant Archer |
| 29:55 | Build | House |
| 30:02 | Build | Town Center |
| 30:12 | Build | Town Center |
| 30:22 | Queue | Elephant Archer |
| 30:22 | Queue | Elephant Archer |
| 30:47 | Research | Ballistics |
| 30:50 | Queue | Villager (Male) |
| 30:50 | Queue | Villager (Male) |
| 30:50 | Queue | Villager (Male) |
| 31:16 | Age | Imperial Age |
Match timeline
| 0:52 | Omnipotent H · first_building Dock |
| 1:32 | wisemethuselah · first_building Dock |
| 1:43 | 歪歪 · first_building Dock |
| 2:54 | Omnipotent H · wall_segment Palisade Wall x1 |
| 2:55 | Omnipotent H · wall_segment Palisade Wall x1 |
| 3:17 | Piojoso87 · first_building Dock |
| 4:19 | Omnipotent H · wall_segment Palisade Wall x1 |
| 6:12 | wisemethuselah · wall_segment Palisade Wall x1 |
| 7:10 | wisemethuselah · wall_segment Palisade Wall x4 |
| 8:45 | wisemethuselah · wall_segment Palisade Wall x9 |
| 11:57 | Piojoso87 · wall_segment Palisade Wall x4 |
| 11:58 | Piojoso87 · wall_segment Palisade Wall x1 |
| 12:14 | Piojoso87 · wall_segment Palisade Wall x13 |
| 12:25 | Piojoso87 · wall_segment Palisade Wall x4 |
| 12:42 | Piojoso87 · wall_segment Palisade Wall x5 |
| 13:13 | Piojoso87 · wall_segment Palisade Wall x1 |
| 13:18 | Piojoso87 · wall_segment Palisade Wall x1 |
| 13:19 | Piojoso87 · wall_segment Palisade Wall x1 |
| 13:41 | Piojoso87 · age_up feudal |
| 14:14 | 歪歪 · age_up feudal |
| 15:39 | Omnipotent H · first_market_sell 100 food |
| 16:10 | wisemethuselah · age_up feudal |
| 18:32 | 歪歪 · age_up castle |
| 18:37 | 歪歪 · first_market_buy 100 stone |
| 18:45 | Omnipotent H · first_market_buy 100 stone |
| 18:48 | 歪歪 · first_building Castle |
| 18:56 | Omnipotent H · first_building Castle |
| 19:45 | wisemethuselah · age_up castle |
| 20:19 | 歪歪 · first_building Siege Workshop |
| 20:50 | 歪歪 · first_market_sell 100 food |
| 22:10 | Omnipotent H · first_building Siege Workshop |
| 22:27 | Piojoso87 · age_up castle |
| 22:49 | wisemethuselah · first_building Barracks |
| 23:08 | Piojoso87 · first_market_buy 100 food |
| 23:51 | wisemethuselah · first_building Archery Range |
| 24:30 | wisemethuselah · first_building Siege Workshop |
| 26:32 | wisemethuselah · first_building Castle |
| 27:45 | wisemethuselah · first_market_sell 100 wood |
| 30:13 | Piojoso87 · first_building Castle |
| 31:02 | Piojoso87 · first_building Siege Workshop |
| 31:16 | wisemethuselah · age_up imperial |
| 32:02 | Piojoso87 · first_building Barracks |
| 32:29 | Piojoso87 · first_building Archery Range |
| 38:10 | Piojoso87 · age_up imperial |
| 40:13 | Omnipotent H · first_building Barracks |
| 41:30 | 歪歪 · first_building Barracks |
| 42:18 | 歪歪 · first_building Archery Range |
| 42:56 | 歪歪 · first_building Monastery |
| 47:07 | Piojoso87 · first_building Stable |
| 47:42 | Omnipotent H · first_building Archery Range |
| 48:40 | wisemethuselah · tribute_sent a jugador 1 |
| 48:40 | wisemethuselah · tribute_sent a jugador 2 |
| 48:40 | wisemethuselah · tribute_sent a jugador 3 |
| 48:55 | 歪歪 · tribute_sent a jugador 2 |
| 48:55 | 歪歪 · tribute_sent a jugador 3 |
| 48:55 | 歪歪 · tribute_sent a jugador 4 |
| 50:19 | 歪歪 · wall_segment Stone Wall x11 |
| 51:30 | wisemethuselah · tribute_sent a jugador 1 |
| 51:30 | wisemethuselah · tribute_sent a jugador 2 |
| 51:30 | wisemethuselah · tribute_sent a jugador 3 |
| 57:20 | 歪歪 · age_up imperial |
| 75:51 | wisemethuselah · first_market_buy 100 wood |
| 81:20 | Omnipotent H · first_building Monastery |
| 85:48 | Omnipotent H · tribute_sent a jugador 1 |
| 85:48 | Omnipotent H · tribute_sent a jugador 3 |
| 85:48 | Omnipotent H · tribute_sent a jugador 4 |
| 87:03 | Piojoso87 · first_market_sell 100 food |
| 93:50 | wisemethuselah · tribute_sent a jugador 1 |
| 93:50 | wisemethuselah · tribute_sent a jugador 2 |
| 93:50 | wisemethuselah · tribute_sent a jugador 3 |
| 103:42 | wisemethuselah · resign |
[ AI ANALYSIS · 1 CREDIT ]
What really happened in this match?
Wolo.gg analyzes every decision: build order, eco, micro, common mistakes by bracket. Personalized analysis on WhatsApp or Discord in 30 seconds.
Civ guide
Tupi
Perfil
Jugador #1767728